 Dungeon Sprint DCSS version 0.25-a0-510-ge065f6de7d (webtiles) character file.

Game seed: 724972426868668101, levelgen mode: deterministic

538407 MordorOrchid the Swordmaster (level 22, -17/212 HPs)
             Began as a Barachi Assassin on Dec 25, 2019.
             Was a High Priest of Trog.
             Killed from afar by Cerebov (54 damage)
             ... with a great blast of fire
             ... in the Dungeon (Sprint IX: "|||||||||||||||||||||||||||||") on Feb 16, 2020.
             The game lasted 01:46:36 (6763 turns).

MordorOrchid the Swordmaster (Barachi Assassin)     Turns: 6763, Time: 01:46:37

Health: -17/212    AC: 49    Str: 25    XL:     22   Next: 80%
Magic:  0/35       EV: 31    Int: 19    God:    Trog [*****.]
Gold:   969        SH: 28    Dex: 24    Spells: 45/45 levels left

rFire    + . .     SeeInvis +   a - +9 scimitar (vorpal)
rCold    + . .     Gourm    .   s - +0 tower shield {AC+3}
rNeg     + . .     Faith    .   c - +4 gold dragon scales
rPois    +         Spirit   +   G - +0 hat "Dipn" {rElec}
rElec    +         Reflect  .   K - +2 cloak
rCorr    .         Harm     .   V - +1 pair of gloves
MR       +++..     NoTele   +   B - +0 pair of boots "Rubu Tom" {-Cast Str+3 Int+4 Dex+3} Stlth ++++......NoCast +
                                j - amulet "Eshurph" {Spirit rN+}
HPRegen  1.00/turn              D - +4 ring of protection
MPRegen  0.24/turn              Q - ring of see invisible

@: mighty, agile, lethally poisoned (-17 -> -34), recuperating, badly diseased,
hasted and slowed, slow
A: +LOS, swims, thin metallic scales 1, low mp 1, slowness 1, MP-powered wands,
strong legs 2
}: 9/17 runes: decaying, serpentine, barnacled, slimy, elven, silver, golden,
abyssal, gossamer
a: Hop, Berserk, Trog's Hand, Brothers in Arms, Renounce Religion


You were in the Dungeon.
You worshipped Trog.
Trog was extremely pleased with you.
You were very hungry.

You visited 1 branch You collected 1963 gold pieces.
You spent 994 gold pieces at shops.

Inventory:

Hand Weapons
 a - a +9 vorpal scimitar (weapon)
 d - a +10 short sword
 t - a +12 long sword
 y - a +5 vorpal rapier
 E - a +5 rapier of flaming
 T - a +9 rapier of holy wrath
 U - a +9 antimagic scimitar
Missiles
 F - 4 boomerangs of dispersal
 H - 5 silver javelins (quivered)
 I - 44 javelins
Armour
 c - +4 gold dragon scales (worn)
 s - a +0 tower shield of protection (worn)
 B - the +0 pair of boots "Rubu Tom" (worn) {-Cast Str+3 Int+4 Dex+3}
   (You found it in the Dungeon)

   It affects your strength (+3).
   It affects your intelligence (+4).
   It affects your dexterity (+3).
   It prevents spellcasting.
   If you remove this armour, your AC will decrease by 2 (49 -> 47).
 C - a +1 hat of see invisible
 G - the +0 hat "Dipn" (worn) {rElec}
   (You found it in the Dungeon)

   It insulates you from electricity.
   If you remove this armour, your AC will remain unchanged.
 K - a +2 cloak (worn)
 S - a +0 tower shield of reflection
 V - a +1 pair of gloves (worn)
Jewellery
 j - the amulet "Eshurph" (around neck) {Spirit rN+}
   (You found it in the Dungeon)

   [amulet of guardian spirit]

   It causes incoming damage to be split between your health and magic.
   It protects you from negative energy.
 D - a +4 ring of protection (left hand)
 P - an uncursed ring of protection from fire
 Q - a ring of see invisible (right hand)
 R - an uncursed ring of protection from cold
 Y - an uncursed amulet of regeneration
 Z - the ring "Gow Hiki" {rPois rC+ MP-9 Str-5 Dex+7}
   (You found it in the Dungeon)

   [ring of protection from cold]

   It affects your strength (-5).
   It affects your dexterity (+7).
   It protects you from cold.
   It protects you from poison.
   It affects your magic capacity (-9).
Wands
 o - a wand of acid (12)
 q - a wand of iceblast (12)
Scrolls
 l - 4 scrolls of blinking
 n - 8 scrolls of remove curse
 w - 2 scrolls of identify
 x - 3 scrolls of fog
 z - 6 scrolls of fear
Potions
 b - a potion of brilliance
 g - 5 potions of curing
 h - 5 potions of heal wounds
 k - 5 potions of berserk rage
 m - 4 potions of magic
 u - a potion of might
 J - a potion of invisibility
 M - 4 potions of lignification
 N - 2 potions of resistance
 O - 5 potions of haste
 W - 2 potions of mutation
Miscellaneous
 e - the horn of Geryon
 p - 2 boxes of beasts
 v - a lightning rod (4/4)
Comestibles
 f - 9 rations


   Skills:
 O Level 27 Fighting
 O Level 27 Short Blades
 O Level 27 Long Blades
   Level 16.3 Maces & Flails
 O Level 27 Throwing
 O Level 27 Armour
 O Level 27 Dodging
 O Level 27 Stealth
 O Level 27 Shields
 O Level 27 Unarmed Combat
 + Level 12.4 Spellcasting
 O Level 27 Evocations


You had 45 spell levels left.
You didn't know any spells.
Your spell library was empty.

Dungeon Overview and Level Annotations

Branches:
Dungeon (1/1)

Altars:
Cheibriados
Dithmenos
Elyvilon
Fedhas
Gozag
Hepliaklqana
Kikubaaqudgha
Makhleb
Nemelex Xobeh
Okawaru
Qazlal
Ru
Sif Muna
Trog
Uskayaw
Vehumet
Wu Jian
Xom
Yredelemnul
Zin
The Shining One
Beogh
Jiyva
Lugonu

Shops:
D :((

Annotations:
D Antaeus, Asmodeus, Cerebov, Lom Lobon


Innate Abilities, Weirdness & Mutations

You can be seen from farther away. (+LOS)
You can swim through water.
You cover ground slowly.
You can hop long distances.
You are partially covered in thin metallic scales. (AC +2)
Your magical capacity is low. (-10% MP)
You expend magic power (3 MP) to strengthen your wands.


Message History

You block the Executioner's attack. x2; The Executioner completely misses you.
The Executioner hits you but does no damage.
You block the Executioner's attack. The Executioner misses you.
Gloorx Vloq is engulfed in blazing flames.
Gloorx Vloq dies!
The Executioner disappears in a puff of smoke!
Trog doesn't appreciate your training magic!
You feel extremely guilty.
Your Spellcasting skill gained 6 levels and is now at level 12!
Lom Lobon blinks!
Antaeus is engulfed in blazing flames.
Asmodeus gestures at you. The bolt of fire hits you! You resist.
* * * LOW HITPOINT WARNING * * *
You feel much better.
You are engulfed in dark miasma.
* * * LOW HITPOINT WARNING * * *
You feel very sick. Cerebov gestures at you.
A raging storm of fire appears!
The great blast of fire engulfs you!!! You partially resist.
You die...

▓.▓.▓.▓.▓.▓.▓.▓.▓.
▓.▓.▓.▓.▓.▓.▓.▓.▓.
▓.▓.▓)▓.▓.▓.▓.▓.▓)
▓.▓.▓'▓.▓.▓.▓.▓.▓)
▓.▓.▓.▓.▓.▓.▓.▓.▓)
▓.▓.▓.▓.▓)▓.▓)▓.▓)
▓)▓.▓.▓.▓'▓.▓.▓.▓)
▓)▓.▓.▓.▓.▓.▓.▓.▓)
▓@▓.▓.▓.▓.▓.▓.▓.▓)
▓☼▓.▓.▓.▓.▓.▓.▓.▓[
▓&▓.▓.▓.▓.▓.▓.▓.▓.
▓&▓.▓.▓.▓)▓.▓.▓.▓)
▓C▓.▓)▓.▓.▓.▓.▓.▓[
▓φ▓.▓'▓.▓.▓.▓)▓.▓)
▓§▓.▓.▓.▓)▓.▓'▓.▓.
▓&▓.▓)▓.▓.▓.▓.▓.▓.
▓(▓.▓.▓.▓.▓.▓.▓.▓.


You could see Antaeus, Cerebov, Asmodeus and Lom Lobon.

Vanquished Creatures
  the Royal Jelly (D)
  4 ancient liches (D)
  6 orbs of fire (D)
  Mennas (D)
  5 greater mummies (D)
  Sojobo (D)
  Frederick (D)
  Saint Roka (D)
  Boris (D)
  Margery (D)
  Geryon (D)
  2 golden dragons (D)
  A bone dragon (D)
  Nikola (D)
  An electric golem (D)
  3 liches (D)
  Rupert (D)
  5 tentacled monstrosities (D)
  28 Orb Guardians (D)
  A titan (D)
  5 deep elf blademasters (D)
  11 acid blobs (D)
  4 death cobs (D)
  13 sphinxes (D)
  Gastronok (D)
  Agnes (D)
  7 shadow dragons (D)
  3 storm dragons (D)
  Frances (D)
  4 tengu reavers (D)
  Ilsuiw (D)
  2 draconian monks (D)
  8 azure jellies (D)
  7 nagarajas (D)
  4 fire giants (D)
  A frost giant (D)
  A draconian scorcher (D)
  2 draconian knights (D)
  3 deep elf sorcerers (D)
  A deep elf elementalist (D)
  2 emperor scorpions (D)
  A draconian stormcaller (D)
  2 ghost moths (D)
  3 draconian shifters (D)
  Louise (D)
  A very ugly thing (D)
  7 stone giants (D)
  8 vampire knights (D)
  2 green draconians (D)
  2 deep elf annihilators (D)
  Nessos (D)
  2 deep elf demonologists (D)
  4 black draconians (D)
  A yellow draconian (D)
  2 purple draconians (D)
  2 white draconians (D)
  A spark wasp (D)
  2 red draconians (D)
  5 mummy priests (D)
  5 merfolk javelineers (D)
  2 ettins (D)
  7 fire dragons (D)
  11 death oozes (D)
  A deep elf death mage (D)
  A deep elf high priest (D)
  3 yaktaur captains (D)
  6 merfolk impalers (D)
  A great orb of eyes (D)
  9 hydras (D)
  Erolcha (D)
  A rakshasa (D)
  3 ice dragons (D)
  An alligator snapping turtle (D)
  25 vault guards (D)
  4 naga warriors (D)
  3 merfolk aquamancers (D)
  4 centaur warriors (D)
  A ghost crab (D)
  2 alligators (D)
  A deep troll earth mage (D)
  An ogre mage (D)
  A thrashing horror (D)
  2 naga sharpshooters (D)
  A hell knight (D)
  3 swamp dragons (D)
  A spriggan druid (D)
  A swamp dragon (shapeshifter) (D)
  3 necromancers (D)
  5 orc knights (D)
  A harpy (shapeshifter) (D)
  2 ironbrand convokers (D)
  8 orc sorcerers (D)
  3 ugly things (D)
  A faun (shapeshifter) (D)
  2 wolf spiders (D)
  11 moths of wrath (D)
  A cyclops (D)
  A salamander (shapeshifter) (D)
  3 manticores (D)
  2 large abominations (D)
  An elephant (D)
  A vault sentinel (D)
  3 guardian serpents (D)
  2 naga magi (D)
  A spiny frog (D)
  3 black mambas (D)
  A smoke demon (D)
  A gargoyle (D)
  2 spiny frogs (shapeshifter) (D)
  A yaktaur (D)
  2 freezing wraiths (D)
  A komodo dragon (shapeshifter) (D)
  A komodo dragon (D)
  4 demonic crawlers (D)
  An ancient zyme (D)
  3 merfolk (D)
  A tengu conjurer (D)
  A wandering mushroom (D)
  18 guardian mummies (D)
  5 jumping spiders (D)
  2 hornets (D)
  A wind drake (D)
  A blink frog (D)
  A tyrant leech (D)
  3 slime creatures (D)
  2 raiju (D)
  2 bog bodies (D)
  3 redbacks (D)
  A water elemental (D)
  11 spriggans (D)
  A yak (D)
  A small abomination (D)
  A tarantella (D)
  2 wyverns (D)
  A hungry ghost (D)
  A vampire mosquito (D)
  2 wargs (D)
  A naga (D)
  2 floating eyes (D)
  4 water moccasins (D)
  4 porcupines (D)
  2 hell hounds (D)
  An acid dragon (D)
  2 swamp drakes (D)
  11 orc warriors (D)
  An ogre (D)
  A boggart (D)
  4 wolves (D)
  3 centaurs (D)
  2 crocodiles (D)
  A bullfrog (D)
  2 quasits (D)
  6 orc priests (D)
  2 jellies (D)
  9 orc wizards (D)
  An adder (D)
  A shadow imp (D)
  An adder skeleton (D)
  2 leopard geckos (D)
  8 orcs (D)
  A bat skeleton (D)
  A goblin (D)
  A hobgoblin (D)
  A jackal (D)
  A kobold (D)
  A bat (D)
  A frilled lizard (D)
  A giant cockroach simulacrum (D)
508 creatures vanquished.

Vanquished Creatures (collateral kills)
  Jory (D)
  A storm dragon (D)
  A draconian annihilator (D)
  2 ironheart preservers (D)
  A very ugly thing (D)
  A stone giant (D)
  2 black draconians (D)
  A centaur warrior (D)
  A deep elf knight (D)
  A deep elf archer (D)
  A glowing orange brain (D)
  An orc knight (D)
  An ironbrand convoker (D)
  A yaktaur (D)
  A komodo dragon (D)
  A slime creature (D)
18 creatures vanquished.

Vanquished Creatures (others)
  Gloorx Vloq (D)
  A hydra (D)
  An orc wizard (D)
3 creatures vanquished.

Grand Total: 529 creatures vanquished

Notes
Turn   | Place    | Note
-------+----------+-------------------------------------------
     0 | D        | MordorOrchid the Barachi Assassin began the quest for the
                  | Orb.
     0 | D        | Reached XP level 1. HP: 17/17 MP: 1/1
     5 | D        | Reached skill level 1 in Armour
    26 | D        | Noticed a jelly
    26 | D        | Noticed an ogre
    28 | D        | Reached XP level 2. HP: 24/25 MP: 2/2
    30 | D        | Reached skill level 5 in Fighting
    30 | D        | Reached skill level 5 in Armour
    30 | D        | Reached XP level 3. HP: 32/33 MP: 3/3
    49 | D        | Killed an ogre
    49 | D        | Reached XP level 4. HP: 44/44 MP: 4/4
    49 | D        | Reached XP level 5. HP: 49/49 MP: 5/5
    92 | D        | Found a roughly hewn altar of Beogh.
    92 | D        | Found a snail-covered altar of Cheibriados.
    92 | D        | Found a shadowy altar of Dithmenos.
    92 | D        | Found a white marble altar of Elyvilon.
    92 | D        | Found a blossoming altar of Fedhas.
    92 | D        | Found an opulent altar of Gozag.
    92 | D        | Found a hazy altar of Hepliaklqana.
    93 | D        | Found a viscous altar of Jiyva.
    94 | D        | Found an ancient bone altar of Kikubaaqudgha.
    95 | D        | Found a corrupted altar of Lugonu.
    96 | D        | Found a burning altar of Makhleb.
    97 | D        | Found a sparkling altar of Nemelex Xobeh.
    98 | D        | Found an iron altar of Okawaru.
    99 | D        | Found a stormy altar of Qazlal.
   100 | D        | Found a sacrificial altar of Ru.
   101 | D        | Found a shimmering blue altar of Sif Muna.
   102 | D        | Found a bloodstained altar of Trog.
   103 | D        | Found a hide-covered altar of Uskayaw.
   104 | D        | Found a radiant altar of Vehumet.
   105 | D        | Found an ornate altar of the Wu Jian Council.
   106 | D        | Found a shimmering altar of Xom.
   107 | D        | Found a basalt altar of Yredelemnul.
   108 | D        | Found a glowing silver altar of Zin.
   109 | D        | Found a glowing golden altar of the Shining One.
   115 | D        | Became a worshipper of Trog the Wrathful
   150 | D        | Noticed a hornet
   150 | D        | Noticed a hungry ghost
   161 | D        | Killed a hornet
   161 | D        | Reached XP level 6. HP: 54/58 MP: 5/8
   162 | D        | Reached * piety under Trog
   167 | D        | Killed a hungry ghost
   167 | D        | Reached ** piety under Trog
   167 | D        | Reached skill level 5 in Short Blades
   167 | D        | Reached XP level 7. HP: 61/64 MP: 5/10
   175 | D        | Noticed a manticore
   175 | D        | Noticed a komodo dragon
   175 | D        | Noticed a gargoyle
   179 | D        | Reached skill level 10 in Armour
   194 | D        | Killed a manticore
   194 | D        | Reached skill level 10 in Fighting
   194 | D        | Reached skill level 5 in Dodging
   194 | D        | Reached skill level 5 in Evocations
   194 | D        | Reached XP level 8. HP: 26/72 MP: 9/12
   199 | D        | Reached *** piety under Trog
   205 | D        | Killed a komodo dragon
   209 | D        | Killed a gargoyle
   355 | D        | Noticed a four-headed hydra
   358 | D        | Killed a four-headed hydra
   358 | D        | Reached **** piety under Trog
   358 | D        | Reached skill level 10 in Short Blades
   358 | D        | Reached XP level 9. HP: 54/81 MP: 13/13
   383 | D        | Reached ***** piety under Trog
   383 | D        | Received a gift from Trog
   414 | D        | Noticed an eight-headed hydra
   414 | D        | Noticed an elephant
   414 | D        | Noticed a spiny frog
   417 | D        | Reached skill level 5 in Throwing
   419 | D        | Killed an elephant
   419 | D        | Reached XP level 10. HP: 28/89 MP: 14/14
   419 | D        | Killed a spiny frog
   419 | D        | Received a gift from Trog
   420 | D        | Killed an eight-headed hydra
   420 | D        | Reached skill level 10 in Dodging
   528 | D        | Received a gift from Trog
   631 | D        | Noticed Gastronok
   716 | D        | Killed Gastronok
   716 | D        | Received a gift from Trog
   716 | D        | Reached XP level 11. HP: 97/97 MP: 16/16
   815 | D        | Noticed an orc knight
   824 | D        | Received a gift from Trog
   827 | D        | Killed an orc knight
   832 | D        | Received a gift from Trog
   834 | D        | Reached skill level 15 in Armour
   907 | D        | Noticed an orc knight
   937 | D        | Received a gift from Trog
   943 | D        | Killed an orc knight
   945 | D        | Reached skill level 10 in Throwing
   966 | D        | Received a gift from Trog
  1087 | D        | Found Aligg's Distillery.
  1087 | D        | Noticed an orc sorcerer
  1087 | D        | Noticed an orc sorcerer
  1087 | D        | Noticed an orc sorcerer
  1088 | D        | Found Emyfuarph's Book Shoppe.
  1088 | D        | Noticed an orc sorcerer
  1093 | D        | Killed an orc sorcerer
  1094 | D        | Noticed a sun demon
  1094 | D        | Killed an orc sorcerer
  1094 | D        | Received a gift from Trog
  1094 | D        | Reached skill level 10 in Long Blades
  1094 | D        | Killed an orc sorcerer
  1096 | D        | Killed an orc sorcerer
  1115 | D        | Received a gift from Trog
  1115 | D        | Reached ****** piety under Trog
  1117 | D        | Noticed an orc sorcerer
  1132 | D        | Killed an orc sorcerer
  1158 | D        | Found Cuitach's Weapon Emporium.
  1165 | D        | Found Cifish's Antique Weapon Shoppe.
  1170 | D        | Bought a potion of degeneration for 14 gold pieces
  1171 | D        | Noticed an orc sorcerer
  1173 | D        | Noticed an orc sorcerer
  1180 | D        | Killed an orc sorcerer
  1180 | D        | Received a gift from Trog
  1181 | D        | Killed an orc sorcerer
  1208 | D        | Bought a potion of invisibility for 112 gold pieces
  1208 | D        | Bought 2 potions of flight for 84 gold pieces
  1208 | D        | Bought a potion of agility for 56 gold pieces
  1208 | D        | Bought a potion of lignification for 42 gold pieces
  1208 | D        | Bought a potion of lignification for 42 gold pieces
  1208 | D        | Bought a potion of lignification for 42 gold pieces
  1208 | D        | Bought 2 potions of resistance for 280 gold pieces
  1208 | D        | Bought a potion of haste for 140 gold pieces
  1208 | D        | Bought a potion of haste for 140 gold pieces
  1208 | D        | Bought a potion of lignification for 42 gold pieces
  1269 | D        | Noticed Erolcha
  1273 | D        | Killed Erolcha
  1273 | D        | Received a gift from Trog
  1398 | D        | Noticed a centaur warrior
  1398 | D        | Noticed a purple ugly thing
  1398 | D        | Noticed a manticore
  1399 | D        | Noticed a centaur warrior
  1403 | D        | Killed a centaur warrior
  1403 | D        | Reached skill level 1 in Shields
  1403 | D        | Reached XP level 12. HP: 86/108 MP: 17/19
  1416 | D        | Noticed a fire giant
  1420 | D        | Noticed an ettin
  1426 | D        | Noticed an ettin
  1426 | D        | Received a gift from Trog
  1432 | D        | Killed a centaur warrior
  1443 | D        | Killed a fire giant
  1446 | D        | Received a gift from Trog
  1447 | D        | Killed an ettin
  1447 | D        | Reached skill level 10 in Evocations
  1448 | D        | Killed an ettin
  1577 | D        | Noticed Nessos
  1590 | D        | Killed Nessos
  1590 | D        | Received a gift from Trog
  1590 | D        | Reached skill level 15 in Fighting
  1711 | D        | Noticed a naga sharpshooter
  1711 | D        | Noticed a naga warrior
  1711 | D        | Noticed a nagaraja
  1717 | D        | Reached skill level 5 in Shields
  1718 | D        | Killed a naga sharpshooter
  1718 | D        | Received a gift from Trog
  1718 | D        | Reached skill level 15 in Long Blades
  1719 | D        | Killed a naga warrior
  1724 | D        | Noticed a naga sharpshooter
  1728 | D        | Killed a nagaraja
  1728 | D        | Gained mutation: You can hop long distances. [Barachi
                  | growth]
  1728 | D        | Reached XP level 13. HP: 16/116 MP: 21/21
  1730 | D        | Received a gift from Trog
  1858 | D        | Received a gift from Trog
  1929 | D        | Noticed a merfolk javelineer
  1933 | D        | Received a gift from Trog
  1943 | D        | Killed a merfolk javelineer
  1947 | D        | Received a gift from Trog
  2008 | D        | Received a gift from Trog
  2051 | D        | Noticed Agnes
  2062 | D        | Killed Agnes
  2147 | D        | Noticed Frances
  2159 | D        | Killed Frances
  2159 | D        | Received a gift from Trog
  2226 | D        | Noticed a rakshasa
  2226 | D        | Noticed a fire dragon
  2226 | D        | Noticed a stone giant
  2227 | D        | Noticed a great orb of eyes
  2234 | D        | Killed a fire dragon
  2235 | D        | Noticed a stone giant
  2237 | D        | Received a gift from Trog
  2237 | D        | Noticed a storm dragon
  2238 | D        | Killed a stone giant
  2238 | D        | Reached XP level 14. HP: 37/126 MP: 24/24
  2278 | D        | Killed a stone giant
  2303 | D        | Received a gift from Trog
  2303 | D        | Reached skill level 10 in Shields
  2309 | D        | Killed a storm dragon
  2327 | D        | Noticed a sphinx
  2328 | D        | Paralysed by a sphinx for 5 turns
  2343 | D        | Killed a sphinx
  2407 | D        | Received a gift from Trog
  2424 | D        | Reached skill level 15 in Evocations
  2445 | D        | Noticed a red very ugly thing
  2453 | D        | Killed a red very ugly thing
  2477 | D        | Received a gift from Trog
  2487 | D        | Noticed a tengu reaver
  2489 | D        | Received a gift from Trog
  2496 | D        | Noticed a fire giant
  2504 | D        | Killed a tengu reaver
  2509 | D        | Killed a fire giant
  2509 | D        | Received a gift from Trog
  2534 | D        | Noticed a frost giant
  2550 | D        | Noticed an ironheart preserver
  2552 | D        | Noticed a cyan very ugly thing
  2555 | D        | Noticed an ironheart preserver
  2559 | D        | Noticed a fire giant
  2562 | D        | Killed a frost giant
  2566 | D        | Killed an ironheart preserver
  2568 | D        | Killed an ironheart preserver
  2568 | D        | Received a gift from Trog
  2571 | D        | Killed a cyan very ugly thing
  2576 | D        | Killed a fire giant
  2590 | D        | Received a gift from Trog
  2633 | D        | Noticed Jory
  2675 | D        | Killed Jory
  2675 | D        | Reached XP level 15. HP: 50/136 MP: 9/27
  2688 | D        | Noticed Frederick
  2772 | D        | Killed Frederick
  2772 | D        | Reached skill level 15 in Shields
  2967 | D        | Got the +0 pair of boots "Rubu Tom" {-Cast Str+3 Int+4
                  | Dex+3}
  3035 | D        | Noticed Rupert
  3053 | D        | Killed Rupert
  3111 | D        | Noticed Louise
  3124 | D        | Killed Louise
  3172 | D        | Noticed a nagaraja
  3172 | D        | Noticed a nagaraja
  3172 | D        | Noticed a nagaraja
  3172 | D        | Noticed a nagaraja
  3173 | D        | Noticed a nagaraja
  3176 | D        | Noticed a nagaraja
  3177 | D        | Killed a nagaraja
  3177 | D        | Received a gift from Trog
  3177 | D        | Killed a nagaraja
  3178 | D        | Killed a nagaraja
  3178 | D        | Received a gift from Trog
  3184 | D        | Killed a nagaraja
  3186 | D        | Killed a nagaraja
  3186 | D        | Received a gift from Trog
  3188 | D        | Killed a nagaraja
  3193 | D        | Received a gift from Trog
  3204 | D        | Got a serpentine rune of Zot
  3215 | D        | Noticed Ilsuiw
  3220 | D        | Received a gift from Trog
  3228 | D        | Killed Ilsuiw
  3232 | D        | Received a gift from Trog
  3303 | D        | Reached XP level 16. HP: 102/149 MP: 15/29
  3319 | D        | Got a barnacled rune of Zot
  3333 | D        | Received a gift from Trog
  3342 | D        | Received a gift from Trog
  3364 | D        | Received a gift from Trog
  3371 | D        | Got a decaying rune of Zot
  3390 | D        | Received a gift from Trog
  3470 | D        | Received a gift from Trog
  3478 | D        | Got a gossamer rune of Zot
  3513 | D        | Noticed Saint Roka
  3519 | D        | Received a gift from Trog
  3529 | D        | Killed Saint Roka
  3562 | D        | Noticed Boris
  3598 | D        | Killed Boris
  3606 | D        | Received a gift from Trog
  3645 | D        | Noticed a tengu reaver
  3646 | D        | Noticed Margery
  3650 | D        | Noticed Sojobo
  3651 | D        | Noticed a tengu reaver
  3652 | D        | Killed a tengu reaver
  3659 | D        | Killed Margery
  3659 | D        | Received a gift from Trog
  3663 | D        | Killed a tengu reaver
  3703 | D        | Killed Sojobo
  3703 | D        | Received a gift from Trog
  4074 | D        | Received a gift from Trog
  4083 | D        | Reached XP level 17. HP: 158/158 MP: 31/31
  4085 | D        | Received a gift from Trog
  4116 | D        | Received a gift from Trog
  4155 | D        | Received a gift from Trog
  4155 | D        | Reached skill level 15 in Throwing
  4208 | D        | Received a gift from Trog
  4220 | D        | Reached skill level 10 in Stealth
  4220 | D        | Received a gift from Trog
  4242 | D        | Received a gift from Trog
  4299 | D        | Received a gift from Trog
  4395 | D        | Received a gift from Trog
  4398 | D        | Noticed a titan
  4405 | D        | Killed a titan
  4405 | D        | Received a gift from Trog
  4415 | D        | Got a brightly glowing scale mail
  4416 | D        | Identified the +0 scale mail "Yrchirack" {Int+2 Stlth+}
                  | (You found it in the Dungeon)
  4419 | D        | Got a silver rune of Zot
  4424 | D        | Got a translucent spear
  4425 | D        | Identified the +1 spear of Understanding {drain, rC+ Str+5}
                  | (You found it in the Dungeon)
  4463 | D        | Noticed Nikola
  4481 | D        | Killed Nikola
  4532 | D        | Got the amulet "Dosmur Goyj" {RegenMP rF+ Dex+4}
  4535 | D        | Got the ring "Gow Hiki" {rPois rC+ MP-9 Str-5 Dex+7}
  4544 | D        | Got the ring of Cecroqe {*Corrode +Inv rElec Int+3 Stlth+}
  4547 | D        | Got the ring "Muingi" {rPois Dex+3}
  4550 | D        | Got the amulet "Eshurph" {Spirit rN+}
  4570 | D        | Got the +0 hat "Dipn" {rElec}
  4679 | D        | Noticed Mennas
  4708 | D        | Killed Mennas
  4738 | D        | Received a gift from Trog
  4740 | D        | Reached skill level 27 in Long Blades
  4741 | D        | Reached XP level 18. HP: 170/170 MP: 32/32
  4743 | D        | Received a gift from Trog
  4771 | D        | Noticed a bone dragon
  4771 | D        | Noticed a golden dragon
  4777 | D        | Received a gift from Trog
  4782 | D        | Killed a golden dragon
  4785 | D        | Killed a bone dragon
  4790 | D        | Received a gift from Trog
  4875 | D        | Noticed a golden dragon
  4881 | D        | Received a gift from Trog
  4883 | D        | Killed a golden dragon
  4899 | D        | Received a gift from Trog
  4934 | D        | Received a gift from Trog
  4934 | D        | Reached skill level 15 in Stealth
  4936 | D        | Received a gift from Trog
  4979 | D        | Received a gift from Trog
  5001 | D        | Noticed a tentacled monstrosity
  5011 | D        | Received a gift from Trog
  5019 | D        | Killed a tentacled monstrosity
  5019 | D        | Received a gift from Trog
  5019 | D        | Reached skill level 27 in Armour
  5020 | D        | Reached XP level 19. HP: 94/186 MP: 18/33
  5149 | D        | Received a gift from Trog
  5151 | D        | Reached skill level 27 in Throwing
  5154 | D        | Reached skill level 27 in Fighting
  5156 | D        | Received a gift from Trog
  5177 | D        | Noticed a tentacled monstrosity
  5177 | D        | Noticed a tentacled monstrosity
  5177 | D        | Noticed a tentacled monstrosity
  5182 | D        | Killed a tentacled monstrosity
  5182 | D        | Reached skill level 5 in Unarmed Combat
  5182 | D        | Received a gift from Trog
  5183 | D        | Killed a tentacled monstrosity
  5183 | D        | Killed a tentacled monstrosity
  5199 | D        | Noticed an ancient lich
  5212 | D        | Killed an ancient lich
  5212 | D        | Received a gift from Trog
  5280 | D        | Noticed an orb of fire
  5300 | D        | Gained mutation: Your magical capacity is low. (-10% MP)
                  | [an orb of fire]
  5321 | D        | Killed an orb of fire
  5321 | D        | Reached skill level 15 in Dodging
  5321 | D        | Reached skill level 10 in Unarmed Combat
  5372 | D        | Noticed an electric golem
  5391 | D        | Killed an electric golem
  5394 | D        | Noticed a tentacled monstrosity
  5394 | D        | Noticed an orb of fire
  5394 | D        | Noticed an ancient lich
  5394 | D        | Noticed an ancient lich
  5394 | D        | Noticed an orb of fire
  5398 | D        | Noticed an orb of fire
  5399 | D        | Killed a tentacled monstrosity
  5400 | D        | Killed an orb of fire
  5400 | D        | Reached skill level 27 in Shields
  5400 | D        | Reached XP level 20. HP: 193/197 MP: 10/32
  5423 | D        | Killed an orb of fire
  5423 | D        | Received a gift from Trog
  5429 | D        | Killed an ancient lich
  5429 | D        | Reached skill level 15 in Unarmed Combat
  5431 | D        | Killed an ancient lich
  5431 | D        | Received a gift from Trog
  5463 | D        | Gained mutation: Your body sometimes deteriorates upon
                  | taking damage. [an orb of fire]
  5464 | D        | Killed an orb of fire
  5478 | D        | Noticed an orb of fire
  5479 | D        | Noticed an orb of fire
  5480 | D        | Noticed an ancient lich
  5492 | D        | Gained mutation: You occasionally shout uncontrollably at
                  | your foes. [an orb of fire]
  5499 | D        | HP: 8/197 [orb of fire/fireball (24)]
  5506 | D        | Gained mutation: Your magical capacity is very low. (-20%
                  | MP) [an orb of fire]
  5507 | D        | Killed an orb of fire
  5515 | D        | Gained mutation: You sometimes yell uncontrollably at your
                  | foes. [an orb of fire]
  5525 | D        | Gained mutation: Armour fits poorly on your strangely
                  | shaped body. [an orb of fire]
  5527 | D        | Killed an orb of fire
  5534 | D        | Killed an ancient lich
  5534 | D        | Received a gift from Trog
  5659 | D        | Received a gift from Trog
  5666 | D        | Received a gift from Trog
  5676 | D        | Reached skill level 27 in Evocations
  5676 | D        | Reached XP level 21. HP: 204/204 MP: 29/30
  5773 | D        | Lost mutation: Your body sometimes deteriorates upon taking
                  | damage. [potion of mutation]
  5773 | D        | Lost mutation: You sometimes yell uncontrollably at your
                  | foes. [potion of mutation]
  5773 | D        | Gained mutation: You expend magic power (3 MP) to
                  | strengthen your wands. [potion of mutation]
  5773 | D        | Gained mutation: Your muscles are strong. (Str +2) [potion
                  | of mutation]
  5774 | D        | Lost mutation: Your muscles are strong. (Str +2) [potion of
                  | mutation]
  5774 | D        | Lost mutation: Armour fits poorly on your strangely shaped
                  | body. [potion of mutation]
  5774 | D        | Lost mutation: Your magical capacity is very low. (-20% MP)
                  | [potion of mutation]
  5774 | D        | Lost mutation: You occasionally shout uncontrollably at
                  | your foes. [potion of mutation]
  5774 | D        | Gained mutation: You are partially covered in thin metallic
                  | scales. (AC +2) [potion of mutation]
  5789 | D        | Received a gift from Trog
  5803 | D        | Received a gift from Trog
  5827 | D        | Received a gift from Trog
  5855 | D        | Received a gift from Trog
  5856 | D        | Paralysed by a vampire knight for 6 turns
  5916 | D        | Received a gift from Trog
  5929 | D        | Received a gift from Trog
  5961 | D        | Reached skill level 27 in Dodging
  5964 | D        | Received a gift from Trog
  5965 | D        | Reached skill level 27 in Unarmed Combat
  5975 | D        | Received a gift from Trog
  5977 | D        | Received a gift from Trog
  6022 | D        | Reached skill level 15 in Short Blades
  6045 | D        | Got an elven rune of Zot
  6056 | D        | Received a gift from Trog
  6062 | D        | Received a gift from Trog
  6075 | D        | Noticed the Royal Jelly
  6082 | D        | Killed the Royal Jelly
  6095 | D        | Received a gift from Trog
  6115 | D        | Received a gift from Trog
  6115 | D        | Reached XP level 22. HP: 179/212 MP: 11/35
  6124 | D        | Got a slimy rune of Zot
  6232 | D        | Received a gift from Trog
  6234 | D        | Reached skill level 27 in Short Blades
  6234 | D        | Received a gift from Trog
  6239 | D        | Received a gift from Trog
  6244 | D        | Received a gift from Trog
  6283 | D        | Received a gift from Trog
  6318 | D        | Received a gift from Trog
  6333 | D        | Received a gift from Trog
  6394 | D        | Noticed a greater mummy
  6394 | D        | Noticed a greater mummy
  6394 | D        | Noticed a greater mummy
  6398 | D        | Received a gift from Trog
  6401 | D        | Killed a greater mummy
  6403 | D        | Killed a greater mummy
  6403 | D        | Noticed a greater mummy
  6405 | D        | Killed a greater mummy
  6405 | D        | Received a gift from Trog
  6405 | D        | Reached skill level 27 in Stealth
  6408 | D        | Noticed a greater mummy
  6411 | D        | Killed a greater mummy
  6424 | D        | Killed a greater mummy
  6440 | D        | Got a golden rune of Zot
  6446 | D        | Received a gift from Trog
  6448 | D        | Received a gift from Trog
  6472 | D        | Got an abyssal rune of Zot
  6598 | D        | Upgraded the game from 0.25-a0-316-gd28d56f9c5 to
                  | 0.25-a0-510-ge065f6de7d
  6612 | D        | Noticed Geryon
  6642 | D        | Killed Geryon
  6642 | D        | Received a gift from Trog
  6748 | D        | Noticed Gloorx Vloq
  6748 | D        | Identified the +7 sceptre of Asmodeus
  6748 | D        | Noticed Asmodeus
  6748 | D        | Identified the +6 sword of Cerebov {flame}
  6748 | D        | Noticed Cerebov
  6751 | D        | Noticed Antaeus
  6759 | D        | Noticed Lom Lobon
  6762 | D        | Killed Gloorx Vloq
  6763 | D        | Killed from afar by Cerebov

Levels and vault maps discovered:
D:        linesprint [early_d, line_temple, items_1, d_10, items_2, lair_1,
          lair_end, items_3, orc_1, orc_end, items_4, d_15, swamp_1, shoals_1,
          snake_1, spider_1, d_20, vaults_1, items_5, swamp_end, shoals_end,
          snake_end, spider_end, vaults_end, d_27, items_6, zot_1, zot_end,
          crypt_end, forest_end, elf_end, slime_end, tomb_end, abyss_end,
          pan_hell_end]

Skill      XL: |  1  2  3  4  5  6  7  8  9 10 11 12 13 14 15 16 17 18 19 20 21 22 |
---------------+-------------------------------------------------------------------+-----
Armour         | 3 5 8 9 10 11 12 14 16 17 19 20 21 23 25 27 | 27.0
Fighting       | 4 5 8 9 10 11 12 14 15 16 18 20 21 22 25 27 | 27.0
Short Blades   | 4 5 6 10 11 25 27 | 27.0
Long Blades    | 3 4 6 8 9 11 16 20 22 24 25 27 | 27.0
Dodging        | 3 4 5 7 9 11 12 16 24 27 | 27.0
Stealth        | 6 7 12 16 20 27 | 27.0
Evocations     | 3 4 5 6 7 9 11 14 16 19 21 23 27 | 27.0
Throwing       | 3 5 9 11 12 13 20 25 27 | 27.0
Shields        | 1 6 9 14 18 22 27 | 27.0
Unarmed Combat | 12 22 27 | 27.0
Maces & Flails | 16 | 16.3
Spellcasting   | 12 | 12.4

Action                   |  1- 3 |  4- 6 |  7- 9 | 10-12 | 13-15 | 16-18 | 19-21 | 22-24 || total
-------------------------+-------+-------+-------+-------+-------+-------+-------+-------++-------
Melee: Dagger            |     7 |    15 |       |       |       |       |       |       ||    22
       Rapier            |       |    13 |    69 |    76 |    75 |    33 |    52 |    26 ||   344
       Triple sword      |       |       |       |    35 |       |       |       |       ||    35
       Great sword       |       |       |       |    42 |    49 |       |       |       ||    91
       Scimitar          |       |       |       |       |    95 |    83 |   202 |    20 ||   400
       Short sword       |       |       |       |       |       |    78 |       |       ||    78
 Fire: Longbow           |       |       |       |       |     2 |       |       |       ||     2
Throw: Dart              |    13 |     1 |       |    28 |    11 |       |       |       ||    53
       Boomerang         |       |       |       |     2 |     2 |       |       |       ||     4
       Javelin           |       |       |       |       |    58 |   230 |    98 |    77 ||   463
Invok: Trog's Hand       |       |       |     2 |    10 |    19 |    15 |    13 |     6 ||    65
       Berserk           |       |       |     1 |     2 |     8 |     2 |     2 |       ||    15
       Brothers in Arms  |       |       |       |     1 |     6 |     5 |     1 |     1 ||    14
 Abil: Hop               |       |       |     1 |     2 |     4 |     2 |     1 |       ||    10
Evoke: Wand              |       |     1 |     4 |       |       |       |       |       ||     5
       Lightning rod     |       |       |     3 |    32 |    57 |    48 |    28 |     7 ||   175
  Use: Potion            |     1 |     1 |       |     2 |     2 |     4 |     7 |     8 ||    25
       Scroll            |       |       |       |     1 |     1 |     2 |       |    11 ||    15
 Stab: Sleeping          |     2 |       |       |       |       |       |       |       ||     2
       Invisible         |       |     2 |     3 |       |       |       |       |       ||     5
  Eat: Chunk             |       |       |       |    11 |    21 |    16 |     8 |     4 ||    60
       Ration            |       |       |       |       |     1 |       |     1 |       ||     2
Armor: Robe              |     3 |     5 |     5 |       |       |       |       |       ||    13
       Chain mail        |       |       |    13 |    44 |       |       |       |       ||    57
       Plate armour      |       |       |       |    11 |       |       |       |       ||    11
       Scale mail        |       |       |       |     3 |    60 |       |       |       ||    63
       Gold dragon scale |       |       |       |       |    19 |   125 |    59 |    17 ||   220
       Skin              |       |       |       |       |       |       |       |     2 ||     2
Dodge: Dodged            |     5 |    13 |    63 |    68 |    70 |    54 |    43 |    21 ||   337
Block: Tower shield      |       |       |       |       |   109 |   261 |   140 |    73 ||   583
       Rpst.: Triple sword |       |       |       |    10 |       |       |       |       ||    10
       Great sword       |       |       |       |     7 |     5 |       |       |       ||    12
       Scimitar          |       |       |       |       |     3 |     2 |     6 |     3 ||    14

Table legend:
 A = Non-vault XP
 B = Vault XP
 C = Vault XP percentage of total XP
 D = Non-vault monster count
 E = Vault monster count
 F = Vault count percentage of total count
                 A         B        C        D         E       F
            +---------+---------+-------+---------+---------+-------
      Total |       0 |  686018 | 100.0 |       0 |     514 | 100.0
            +---------+---------+-------+---------+---------+-------
          D |       0 |  686018 | 100.0 |       0 |     514 | 100.0
            +---------+---------+-------+---------+---------+-------
